← All builds
Tech / Armada / Economy first / OBSERVED BUILD

Standard tech

Rushes T2 factory and Advanced Metal Extractors while supplying T2 constructors to teammates, then transitions into anti-nuke and support units later.

Usually first T2 con to Geo (85%)

#t2 #eco #team support · 762 distinct matches · 108 players · 59% of Armada Tech games · team won 53% of 882 · Recently observed

HOW TO PLAY IT

Key timing: T2 lab by 4:15

  1. Take 3 mex, then wind and a Bot Lab to open eco fast.
  2. Push T2 lab out, aim to pass T2 to air player.
  3. Get first T2 constructor building, prioritize mex upgrades over eco.
  4. Finish Advanced Metal Extractor, keep upgrading team's mex.
  5. Add fus and anti-nuke, keep feeding T2 cons and Umbrella/Citadel to team.

Phase by phase

TYPICAL OF ITS 762 GAMES
  1. 1
  2. 2
  3. 3
  4. 4
PLAY THE OPENING

Follow the example game's first 6:00 step by step: what to build now, what comes next, and where it goes. At 1× it keeps pace with your own game.

  1. 1

    Up to the Bot Lab

    Economy
    • Metal Extractor3Mex
    • Wind Turbine4Wind
    Order
    1. Bot LabBot Lab after 3 mex, 4 winddone ~1:17, middle half 1:13–1:32

    By 1:01 in all: 3 mex · 4 wind

    The example game in this phase · 3 steps
    1. Mex ×3
    2. Wind ×3
    3. Bot LabBot Labdone 1:07 · typical 1:17
  2. 2

    Bot Lab to Advanced Bot Lab

    Economy
    • Metal Extractor1Mex
    • Wind Turbine8Wind
    • Energy Storage1Energy storage
    Order
    1. Advanced Bot LabAdvanced Bot Lab after 4 mex, 12 wind, 3 con turretdone ~4:15, middle half 4:04–4:27
    Builders
    • Construction Turret3 Con turret
    • Lazarus3 Lazarus
    • Construction Bot2 Con bot
    • Construction Bot1 Con bot for allies

    Some games also: converter (36%)

    By 3:19 in all: 4 mex · 12 wind · 1 energy storage · 3 con turret

    The example game in this phase · 21 steps
    1. Wind
    2. Construction BotCon bot
    3. Wind
    4. LazarusLazarus
    5. Wind
    6. LazarusLazarus
    7. Wind ×2
    8. Mex
    9. LazarusLazarus
    10. Wind
    11. Energy storage
    12. Construction BotCon botfor Air
    13. Construction BotCon bot
    14. Wind
    15. Con turret
    16. Wind ×2
    17. Con turret
    18. Wind
    19. Con turret
    20. Wind
    21. Advanced Bot LabAdvanced Bot Labdone 3:57 · typical 4:15
  3. 3

    Advanced Bot Lab to 5:00

    Economy
    • Wind Turbine2Wind
    Builders
    • Advanced Construction Bot1 T2 con bot for allies

    Some games also: converter (36%)

    By 5:00 in all: 4 mex · 15 wind · 2 converter · 1 energy storage · 3 con turret

    The example game in this phase · 7 steps
    1. Wind ×2
    2. Advanced Construction BotT2 con botfor Geo
    3. Wind
    4. Advanced Construction BotT2 con botfor Air
    5. Advanced Metal ExtractorT2 mexdone 4:55 · typical 5:29
    6. FatboyFatboyfor Ponddone 5:19
    7. Wind ×2
  4. 4

    5:00 to 10:00

    Economy
    • Wind Turbine44Wind
    • Energy Converter6Converter
    Builders
    • Butler8 Butler
    • Advanced Construction Bot4 T2 con bot for allies
    • Advanced Construction Bot1 T2 con bot

    Some games also: con turret (47%) · Butler for allies (38%)

    By 10:00 in all: 4 mex · 59 wind · 8 converter · 1 energy storage · 3 con turret

    The example game in this phase · 165 steps
    1. Wind
    2. Advanced Construction BotT2 con botfor Pond
    3. Wind
    4. Converter
    5. Wind
    6. Advanced Metal ExtractorT2 mex ×2
    7. ButlerButler
    8. Wind
    9. Advanced Metal ExtractorT2 mex
    10. Wind
    11. ButlerButler
    12. Wind
    13. ButlerButler
    14. Advanced Construction BotT2 con botfor Pond
    15. Wind
    16. ButlerButler ×2
    17. Wind ×6
    18. Advanced Construction BotT2 con botfor Beach sea
    19. Wind ×3
    20. ButlerButler
    21. Wind ×3
    22. ButlerButler
    23. Wind ×2
    24. ButlerButler
    25. Wind ×2
    26. ButlerButler
    27. Wind ×2
    28. ButlerButler
    29. Converter
    30. Wind ×3
    31. ButlerButler
    32. Wind
    33. Converter
    34. Wind ×5
    35. ButlerButler
    36. Converter ×2
    37. Wind ×4
    38. Converter
    39. Wind ×4
    40. Converter
    41. Wind
    42. ButlerButler
    43. Wind ×3
    44. Converter
    45. Wind
    46. Converter
    47. Wind ×6
    48. ButlerButler
    49. Wind ×2
    50. Converter
    51. Wind ×4
    52. ButlerButler
    53. Wind ×2
    54. Converter
    55. Wind ×7
    56. Converter
    57. Advanced Construction BotT2 con bot
    58. Wind ×6
    59. Converter
    60. Wind ×8
    61. Advanced Construction BotT2 con bot
    62. Converter
    63. Wind ×8
    64. Fusion ReactorFusiondone 12:34
    65. Wind
    66. Converter
    67. Wind ×5
    68. Converter
    69. Wind ×4
    70. Converter
    71. Wind ×2
    72. Converter
    73. Wind ×4
    74. Converter
    75. Wind ×2
    76. Converter
    77. Wind ×5
    78. Converter
    79. T2 converter
    80. Wind ×9
    81. Converter
    82. Wind ×9
    83. Converter
    84. Wind ×11
    85. Converter
    86. Wind ×7
    87. Converter
    88. Wind ×11
    89. Converter
    90. Wind ×8
    91. Converter
    92. Wind ×5
    93. Con turret
    94. Wind ×5
    95. Converter
    96. Wind ×3
    97. Con turret
    98. Wind ×7
    99. Converter
    100. Con turret
    101. Wind ×3
    102. Con turret
    103. Wind ×3
    104. Con turret
    105. Wind ×4
    106. Converter
    107. Wind ×5
    108. Con turret
    109. Wind ×5
    110. Converter
    111. Wind ×8
    112. T2 converter
    113. Wind ×2
    114. Converter
    115. Wind ×3
    116. Fusion ReactorFusion
    117. Wind ×5
    118. Converter
    119. Wind ×10
    120. Converter
    121. Wind ×10
    122. Converter
    123. Wind
    124. T2 converter
    125. Wind ×9
    126. Converter
    127. Wind ×7
    128. Con turret
    129. Wind ×2
    130. Converter
    131. Wind ×9
    132. Converter
    133. Wind ×4
    134. Con turret
    135. Wind ×2
    136. T2 converter
    137. Wind ×4
    138. Converter
    139. Wind ×11
    140. Converter
    141. Wind ×6
    142. Converter
    143. Wind ×9
    144. Con turret
    145. Wind
    146. CitadelAnti-nukenot finished by 15:00
    147. Converter
    148. Con turret
    149. Wind ×5
    150. Con turret
    151. Wind ×16
    152. RattlesnakeRattlesnakenot finished by 15:00
    153. Wind
    154. Con turret
    155. Wind ×5
    156. Con turret
    157. Wind
    158. Con turret
    159. Wind ×2
    160. Con turret
    161. Wind ×2
    162. Con turret
    163. Wind ×2
    164. Con turret ×2
    165. Wind ×5

Counts are medians over the build's games: half of them build more, half fewer. The example game is kellanvad's (35 OS, 29/09/2026); pick another.

Team trades

IN AT LEAST 30% OF ITS GAMES

You hand over

  • Construction Bot1 Con bot to Airfirst at 2:22 · in 88% of games
  • Advanced Construction Bot5 T2 con bot to Air or Pond or Geo seafirst at 4:46 · in 99% of games
  • Sharpshooter2 Sniper bot to Pondfirst at 5:21 · in 33% of games
  • Butler2 Butler to Geo sea or Beach sea or Pondfirst at 9:04 · in 42% of games

You get

  • Hercules1 Light transport from Airfirst at 4:00 · in 86% of games

How it plays out

Typical game of this build, running totals by minute

Metal produced

020k40k
0:005:0010:0015:00

metal

Enemy metal destroyed

0200400
0:005:0010:0015:00

metal

Own metal lost

0100200300
0:005:0010:0015:00

metal

882 games.

Show as table
ByMetal produced: This buildEnemy metal destroyed: This buildOwn metal lost: This build
1:0038300
2:0091500
3:00164400
4:00315200
5:00486600
6:00581100
7:00723300
8:00907900
9:001125300
10:001358400
11:001641600
12:001998800
13:002377500
14:002754990108
15:0031616324206
WHAT THE NUMBERS SAY

This is the role's baseline and wins slightly more than half its games with a huge metal lead but almost no kills, showing its value is economic not combat.

  • + Produces 31389 metal by 15:00, far above other roles.
  • + Reaches T2 lab and constructor by 4:15-4:33 almost every game.
  • − Barely destroys any enemy metal (400 by 15:00), no combat presence.
  • − Fusion Reactor and anti-nuke only land in 44% of games.
THE EXAMPLE YOU ARE READING

kellanvad

35.3 OS · 29/09/2026

Open source match ↗

2 received units
2872 metal received · 54906 energy received

Allied construction assistance is unknown. Timings are observations, not a promise of solo reproducibility.

Typical milestones

Bot Lab1:17Middle 50%: 1:13–1:32 · n=882
Advanced Bot Lab4:15Middle 50%: 4:04–4:27 · n=876
Advanced Metal Extractor5:29Middle 50%: 5:06–5:58 · n=880

Played most by

Amrissa100games of this buildSyphos39games of this buildKOT_38games of this buildAdeus34games of this buildTeaner33games of this build